 Dungeon Crawl Stone Soup version 0.31-a0-826-ga5cc291a1b (webtiles) character file.

Game seed: 12445617532674961285

55 qw the Shooter (level 3, -2/22 HPs)
             Began as a Gargoyle Hunter on Sept 23, 2023.
             Slain by Robin
             ... wielding a +0 spear
              (3 damage)
             ... on level 2 of the Dungeon.
             The game lasted 00:00:30 (1231 turns).

qw the Shooter (Gargoyle Hunter)                    Turns: 1231, Time: 00:00:30

Health: -2/22      AC:  8    Str: 14    XL:     3   Next: 93%
Magic:  3/3        EV: 10    Int:  9    God:
Gold:   69         SH:  0    Dex: 15    Spells: 2/2 levels left

rFire   . . .        Y - +0 shortbow
rCold   . . .        (shield currently unavailable)
rNeg    + . .        f - +0 ring mail
rPois   inf          (no helmet)
rElec   +            (no cloak)
rCorr   +            (no gloves)
SInv    .            (no boots)
Will    .....        (no amulet)
Stlth   +            e - ring of resist corrosion
HPRegen 0.23/turn    (no ring)
MPRegen 0.08/turn

%: no passive effects
@: no status effects
A: sickness immunity, AC +3, negative energy resistance 1, electricity
resistance, torment resistance 1, petrification resistance
a: no special abilities


You were on level 2 of the Dungeon.
You visited 1 branch of the dungeon, and saw 2 of its levels.

You collected 69 gold pieces.


Innate Abilities, Weirdness & Mutations

You are immune to sickness and miasma.
Your stone body is resilient. (AC +3)
You are immune to poison.
You resist negative energy. (rN+)
You are resistant to electric shocks. (rElec)
You are resistant to unholy torment.
You are immune to petrification.


   Skills:
 + Level 2.8 Fighting
 - Level 5.0 Ranged Weapons
 - Level 1.0 Armour
 - Level 1.5 Dodging
 - Level 1.1 Stealth


You had 2 spell levels left.
You didn't know any spells.
Your spell library was empty.

Inventory:

Hand Weapons
 Y - a +0 shortbow (weapon)
Armour
 f - a +0 ring mail (worn)
Jewellery
 e - a ring of resist corrosion (left hand)
Scrolls
 b - a scroll of vulnerability {unknown}
 c - a scroll of teleportation {unknown}
 h - a scroll of amnesia {unknown}
Potions
 a - a potion of curing {unknown}
 d - a potion of attraction {unknown}
 g - a potion of heal wounds {unknown}

Dungeon Overview and Level Annotations

Branches:
Dungeon (2/15)

Altars:

Shops:
D:1 (

Annotations:
D:2 Robin


Message History

Robin hits you from afar with a +0 spear.
The goblin hits you but does no damage.
You shoot an arrow. The arrow hits the goblin.
You kill the goblin!
Robin hits you but does no damage.
You shoot an arrow. The arrow hits Robin!
Robin is heavily wounded.
Robin throws the goblin at you! The goblin hits you but does no damage.
You shoot an arrow. The arrow closely misses the goblin.
Robin closely misses you. The goblin barely misses you. x2
Robin barely misses you.
You shoot an arrow. The arrow closely misses the goblin.
Robin hits you but does no damage. The goblin hits you but does no damage.
You shoot an arrow. The arrow hits the goblin.
The goblin is severely wounded.
Robin says, "Bow before me, strongest of all the hobgoblins!"
Robin barely misses you. The goblin barely misses you.
You shoot an arrow.
The arrow hits the goblin but does no damage.
The goblin is severely wounded.
Robin hits you from afar with a +0 spear.
The goblin hits you with a +0 dagger.
You shoot an arrow. The arrow completely misses the goblin.
The goblin no longer looks unusually strong.
Robin hits you but does no damage. The goblin hits you with a +0 dagger.
Robin hits you but does no damage. The goblin closely misses you.
You shoot an arrow. The arrow hits the goblin!
You kill the goblin!
Robin hits you from afar with a +0 spear.
You shoot an arrow. The arrow hits Robin.
Robin is severely wounded.
Robin hits you from afar with a +0 spear.
You shoot an arrow. The arrow closely misses Robin.
The arrow hits the kobold but does no damage.
Robin hits you from afar with a +0 spear.
You shoot an arrow. The arrow barely misses Robin.
The arrow hits the kobold.
The kobold is severely wounded.
Robin hits you from afar with a +0 spear. x2
You die...
Robin says, "And that's why I'm the boss."

.......<..#
########..#
#..# #..# #..#
#..# #####..#
..##.###).....#
))..Kg)@)....##
.#.###########


You could see Robin and a kobold.

Vanquished Creatures
  A dart slug (D:1)
  3 endoplasms (D:1)
  4 giant cockroaches
  10 goblins (D:2)
  4 hobgoblins
  4 jackals (D:1)
  A quokka (D:1)
  3 ball pythons (D:1)
  7 bats
  3 frilled lizards (D:1)
  3 kobolds (D:1)
  5 rats (D:1)
48 creatures vanquished.

Notes
Turn   | Place    | Note
-------+----------+-------------------------------------------
     0 | D:1      | qw the Gargoyle Hunter began the quest for the Orb.
     0 | D:1      | Reached XP level 1. HP: 12/12 MP: 1/1
     0 | D:1      | 0 ||| qw: Version: 0.3-a-83-gcd0e7d8
     0 | D:1      | 0 ||| qw: Game counter: 1927
     0 | D:1      | 0 ||| qw: Melee chars always use a shield: true
     0 | D:1      | 0 ||| qw: God list: Okawaru
     0 | D:1      | 0 ||| qw: Allow faded altars: false
     0 | D:1      | 0 ||| qw: Do Orc after clearing Dungeon:15 true
     0 | D:1      | 0 ||| qw: Do second Lair branch before Depths: true
     0 | D:1      | 0 ||| qw: Lair rune preference: random
     0 | D:1      | 0 ||| qw: Goals: Normal
     0 | D:1      | 0 ||| PLANNING D:1-11
    57 | D:1      | 57 ||| DROPPING +0 sling of electrocution.
   237 | D:1      | Reached XP level 2. HP: 13/17 MP: 2/2
   575 | D:1      | Reached XP level 3. HP: 21/21 MP: 3/3
   656 | D:1      | Found Qiucucyi's Weapon Emporium.
   664 | D:1      | 664 ||| SHOPLISTING +5 orcbow of flaming (466 gold, have
                  | 65).
   672 | D:1      | Reached skill level 5 in Ranged Weapons
   848 | D:1      | 848 ||| UPGRADING to +0 ring mail.
   858 | D:1      | 858 ||| DROPPING +0 leather armour.
   859 | D:1      | 859 ||| UPGRADING to ring of resist corrosion.
   860 | D:1      | 860 ||| READING scroll labelled CIOKILUPLA.
   961 | D:1      | 961 ||| DROPPING scroll of butterflies.
  1212 | D:2      | Noticed Robin
  1214 | D:2      | Reached skill level 1 in Armour
  1229 | D:2      | HP: 4/22 [Robin/+0 spear (4)]
  1231 | D:2      | HP: 1/22 [Robin/+0 spear (3)]
  1231 | D:2      | Slain by Robin

Levels and vault maps discovered:
D:1:      dpeg_arrival_windows_large_door, layout_basic, serial_shops, shop,
          amcnicky_mini_rare_corridor_liquid
D:2:      layout_loops_ring, uniq_robin

Skill      XL: |  1  2  3 |
---------------+----------+-----
Ranged Weapons | 5 |  5.0
Armour         | 1 |  1.0
Fighting       | |  2.8
Dodging        | |  1.5
Stealth        | |  1.1

Action                     || total
---------------------------++-------
   Fire: Shortbow          ||   142
    Use: Scroll            ||     1
 Armour: Leather armour    ||    26
         Ring mail         ||    30
  Dodge: Dodged            ||    48

Table legend:
 A = Non-vault XP
 B = Vault XP
 C = Vault XP percentage of total XP
 D = Non-vault monster count
 E = Vault monster count
 F = Vault count percentage of total count
                 A         B        C        D         E       F
            +---------+---------+-------+---------+---------+-------
      Total |      62 |      17 |  21.5 |      38 |      10 |  20.8
            +---------+---------+-------+---------+---------+-------
        D:1 |      55 |       0 |   0.0 |      34 |       0 |   0.0
        D:2 |       7 |      17 |  70.8 |       4 |      10 |  71.4
            +---------+---------+-------+---------+---------+-------
